 Dungeon Crawl Stone Soup version 0.22.0 (webtiles) character file.

250 CyclopB the Insei (level 6, -8/38 HPs)
             Began as an Octopode Transmuter on Dec 23, 2018.
             Splashed by a jelly's acid (9 damage)
             ... on level 5 of the Dungeon.
             The game lasted 00:32:43 (4091 turns).

CyclopB the Insei (Octopode Transmuter)             Turns: 4091, Time: 00:32:43

Health: -8/38      AC:  1    Str: 11    XL:     6   Next: 13%
Magic:  7/9        EV: 13    Int: 18    God:
Gold:   189        SH:  0    Dex: 12    Spells: 1/9 levels left

rFire    . . .     SeeInvis .     - Unarmed
rCold    + . .     Gourm    +   (no shield)
rNeg     . . .     Faith    .   (helmet restricted)
rPois    .         Spirit   .   l - amulet of the gourmand
rElec    .         Reflect  .   q - ring of protection from cold
rCorr    .         Harm     .   (no ring)
MR       .....                  (no ring)
Stlth    ++........             (no ring)
HPRegen  0.12/turn              (no ring)
MPRegen  0.11/turn              (no ring)
                                (no ring)
                                (no ring)

@: no status effects
A: almost no armour, stealthy swim, amphibious, 8 rings, constrict 8, camouflage
1, clever 1, sense surroundings 1, gelatinous body 1
a: no special abilities


You were on level 5 of the Dungeon.
You were completely stuffed.

You visited 1 branch of the dungeon, and saw 5 of its levels.

You collected 189 gold pieces.

Inventory:

Missiles
 a - 44 arrows
 k - 196 stones (quivered)
Armour
 m - a +0 shield
Jewellery
 l - an amulet of the gourmand (around mantle)
 q - a ring of protection from cold (left tentacle)
Scrolls
 b - 2 scrolls of identify
 e - 3 scrolls of teleportation
 f - 2 scrolls of remove curse
 g - a scroll of magic mapping {unknown}
 i - a scroll of enchant weapon {unknown}
 j - a scroll of fear {unknown}
 p - 3 scrolls of fog
Potions
 d - 2 potions of brilliance {unknown}
 h - a potion of agility {unknown}
 n - 2 potions of haste
 o - a potion of curing {unknown}
 r - a potion of degeneration {unknown}
Comestibles
 c - 9 rations


   Skills:
 - Level 1.0 Fighting
 - Level 2.0 Dodging
 + Level 5.1 Unarmed Combat
 - Level 2.0 Spellcasting
 + Level 4.5 Transmutations


You had one spell level left.
You knew the following spells:

 Your Spells              Type           Power        Failure   Level  Hunger
a - Beastly Appendage     Tmut           ###...       2%          1    #......
b - Sticks to Snakes      Tmut           ###.....     4%          2    ###....
c - Spider Form           Tmut/Pois      ##........   22%         3    ###....
d - Poisonous Vapours     Pois/Air       #.....       26%         2    ###....

Your spell library contained the following spells:

 Spells                   Type           Power        Failure   Level  Hunger
 Mephitic Cloud           Conj/Pois/Air  #.......     47%         3    ###....
 Venom Bolt               Conj/Pois      #.........   99%         5    ######.
 Olgreb's Toxic Radiance  Pois           #.......     87%         4    #####..
 Sting                    Conj/Pois      #...         19%         1    #......
 Blade Hands              Tmut           ###.......   61%         5    ######.
 Ice Form                 Ice/Tmut       ##......     56%         4    #####..


Dungeon Overview and Level Annotations

Branches:
Dungeon (5/15)
 Temple: D:4-7

Altars:
Ashenzari
Qazlal


Innate Abilities, Weirdness & Mutations

You cannot wear most types of armour.
You are very stealthy in the water. (Stealth+)
You are amphibious.
You can wear up to eight rings at the same time.
You can use your tentacles to constrict eight enemies at once.
Your skin changes colour to match your surroundings (Stealth+).
Your rubbery body absorbs attacks. (AC +1, EV +1)
Your mind is acute. (Int +2)
You passively map a small area around you.


Message History

Casting: Beastly Appendage (safe; 2% risk of failure)
Confirm with . or Enter, or press ? or * to list all spells.
You create a snake!
You now have 44 arrows.
You constrict the adder zombie. The jelly hits you.
You are splashed with acid!
The acid burns!
The adder zombie bites you.
You tentacle-slap the jelly.
Your tentacles burn!
* * * LOW HITPOINT WARNING * * *
The jelly is heavily wounded.
You constrict the adder zombie. The adder zombie bites you.
* * * LOW HITPOINT WARNING * * *
The jelly closely misses you.
You bludgeon the jelly!
Your tentacles burn!
* * * LOW HITPOINT WARNING * * *
The jelly is almost dead.
You constrict the adder zombie.
You destroy the adder zombie!
The jelly hits you.
* * * LOW HITPOINT WARNING * * *
You are splashed with acid!
The acid burns!
You die...

, * ###### ###
#####....#### ...
..>.........
#.###.#......# *
,###.......J....#
,#....!...@..#,
#.#.....##S.#,
#.#.####.<# .%#
#......)..# ..#
###.###...#*..# *
* #...# ..# , ,
#...# ..#, * * ,
, ,, *#...#*..# *
, , #.... *


You could see a jelly and a friendly ball python.

Vanquished Creatures
  2 hounds
  An orc priest (D:3)
  2 gnolls (D:3)
  2 adders
  An ooze (D:4)
  An adder zombie (D:5)
  3 worms
  2 dart slugs
  5 orcs
  A ball python (D:2)
  3 giant cockroaches
  7 goblins
  9 hobgoblins
  3 jackals (D:1)
  5 kobolds
  A quokka (D:4)
  8 bats
  2 frilled lizards (D:2)
  8 rats
66 creatures vanquished.

Vanquished Creatures (collateral kills)
  An iguana (D:4)
  A worker ant (D:4)
2 creatures vanquished.

Grand Total: 68 creatures vanquished

Notes
Turn   | Place    | Note
-------+----------+-------------------------------------------
     0 | D:1      | CyclopB the Octopode Transmuter began the quest for the Orb.
     0 | D:1      | Reached XP level 1. HP: 13/13 MP: 3/3
    47 | D:1      | Gained mutation: Your muscles are strong. (Str +2) [potion of mutation]
    47 | D:1      | Gained mutation: You passively map a small area around you. [potion of mutation]
    47 | D:1      | Lost mutation: Your muscles are strong. (Str +2) [potion of mutation]
    47 | D:1      | Gained mutation: Your mind is acute. (Int +2) [potion of mutation]
   363 | D:1      | Reached XP level 2. HP: 18/18 MP: 3/5
   710 | D:1      | Found a shattered altar of Ashenzari.
   980 | D:1      | Reached XP level 3. HP: 21/23 MP: 6/6
  1991 | D:2      | Reached skill level 4 in Unarmed Combat
  2175 | D:2      | Reached XP level 4. HP: 20/28 MP: 5/7
  2390 | D:3      | Learned a level 2 spell: Sticks to Snakes
  2493 | D:3      | Reached XP level 5. HP: 18/33 MP: 6/8
  3902 | D:4      | Reached skill level 5 in Unarmed Combat
  3978 | D:5      | Entered Level 5 of the Dungeon
  3986 | D:5      | Learned a level 3 spell: Spider Form
  3989 | D:5      | Learned a level 2 spell: Poisonous Vapours
  3991 | D:5      | Noticed an ogre
  4024 | D:5      | Found a stormy altar of Qazlal.
  4024 | D:5      | Noticed a centaur
  4024 | D:5      | Noticed a sky beast
  4087 | D:5      | Reached XP level 6. HP: 27/38 MP: 9/9
  4091 | D:5      | HP: 1/38 [jelly (2)]
  4091 | D:5      | Splashed by a jelly's acid

Skill      XL: |  1  2  3  4  5 |
---------------+----------------+-----
Transmutations | 3 4 |  4.5
Unarmed Combat | 4 5 |  5.1
Fighting       | |  1.0
Dodging        | |  2.0
Spellcasting   | |  2.0

Action                   |  1- 3 |  4- 6 || total
-------------------------+-------+-------++-------
Melee: Unarmed           |    89 |    60 ||   149
       Constrict         |    24 |    15 ||    39
       Tentacles         |    14 |     9 ||    23
       Punch             |     2 |     1 ||     3
       Kick              |     8 |    16 ||    24
Throw: Stone             |    11 |     8 ||    19
 Cast: Beastly Appendage |    30 |    15 ||    45
       Sticks to Snakes  |       |     7 ||     7
  Use: Potion            |     1 |     1 ||     2
       Scroll            |       |     6 ||     6
 Stab: Sleeping          |     8 |     6 ||    14
  Eat: Chunk             |     4 |    22 ||    26
Armor: Skin              |     7 |     3 ||    10
Dodge: Dodged            |    34 |    32 ||    66
